 Dungeon Crawl Stone Soup version 0.27-a0-1200-g94dc6ad4cf (webtiles) character file.

Game seed: 1092475720716870185

26 zezblit the Skirmisher (level 2, 0/24 HPs)
             Began as a Demonspawn Abyssal Knight on May 31, 2021.
             Was a Follower of Lugonu.
             Succumbed to an adder's poison
             ... on level 2 of the Dungeon.
             The game lasted 00:09:23 (1156 turns).

zezblit the Skirmisher (Demonspawn Abyssal Knight)  Turns: 1156, Time: 00:09:24

Health: 0/24       AC:  4    Str: 12    XL:     2   Next: 89%
Magic:  3/3        EV: 11    Int: 13    God:    Lugonu [*.....]
Gold:   70         SH:  0    Dex: 18    Spells: 1/1 levels left

rFire    . . .     SeeInvis .   a - +1 mace
rCold    . . .     Faith    .   (no shield)
rNeg     . . .     Spirit   .   b - +0 leather armour
rPois    .         Reflect  .   (no helmet)
rElec    .         Harm     .   j - +0 cloak
rCorr    .         Rampage  .   (no gloves)
Will     .....                  (no boots)
Stlth    +.........             (no amulet)
HPRegen  0.08/turn              i - +6 ring of dexterity
MPRegen  0.08/turn              (no ring)

@: lethally poisoned (0 -> -2)
A: hooves 1
a: Renounce Religion, Depart the Abyss


You were on level 2 of the Dungeon.
You worshipped Lugonu.
Lugonu was aware of your devotion.
You visited 1 branch of the dungeon, and saw 2 of its levels.
You visited the Abyss 1 time.

You collected 70 gold pieces.

Inventory:

Hand Weapons
 a - a +1 mace (weapon)
 k - a +0 whip
Missiles
 c - 18 sling bullets
 e - 2 boomerangs of dispersal (quivered)
 l - 13 stones
Armour
 b - a +0 leather armour (worn)
 j - a +0 cloak (worn)
Magical Staves
 g - a staff of air
Jewellery
 i - a +6 ring of dexterity (left hand)
Wands
 d - a wand of digging (6)
Scrolls
 f - 4 scrolls of identify
Potions
 h - 2 potions of berserk rage


   Skills:
 + Level 3.3 Fighting
 * Level 2.5 Maces & Flails
 * Level 2.0 Armour
 + Level 0.9 Dodging
 + Level 2.4 Invocations


You had one spell level left.
You didn't know any spells.
Your spell library was empty.

Dungeon Overview and Level Annotations

Branches:
Dungeon (2/15)

Altars:


Innate Abilities, Weirdness & Mutations

You have large cloven feet.


Message History

The adder is severely wounded.
The adder bites you.
You barely miss the adder.
The adder is severely wounded.
The adder bites you.
You are poisoned.
The adder poisons you! The adder bites you.
You are more poisoned.
The adder poisons you!
You barely miss the adder.
The adder is severely wounded.
You feel very sick. The adder closely misses you.
The adder bites you but does no damage.
You closely miss the adder. Your kick misses the adder.
The adder is heavily wounded.
You feel very sick. The adder bites you.
You are lethally poisoned!
The adder poisons you!
You hit the adder.
You kill the adder!
Lugonu accepts your kill.
You feel very sick.
Your Armour skill increases to level 2!
There is a lethal amount of poison in your body!
* * * LOW HITPOINT WARNING * * *
You feel sick.
You see here an adder corpse.
* * * LOW HITPOINT WARNING * * *
You feel sick.
* * * LOW HITPOINT WARNING * * *
You feel sick.
* * * LOW HITPOINT WARNING * * *
You feel sick.
* * * LOW HITPOINT WARNING * * *
You feel sick.
* * * LOW HITPOINT WARNING * * *
You feel sick.
You open the door.
You die...

### ##+## ..# ##...#
#.# .....# #.# #....
#.# #.#'# #<#...#.
#.#@#
..#.....#.####.#.#
###..............#
........#.####.###
..#....... #.#
........######†#######
..#.....#....#.......#
#.#............#####.#
..#........#.#.#


There were no monsters in sight!

Vanquished Creatures
  An adder (D:2)
  A worm (D:2)
  2 endoplasms (D:1)
  2 giant cockroaches
  A hobgoblin (D:1)
  A quokka (D:1)
  2 ball pythons (D:1)
  2 bats (D:1)
  A frilled lizard (D:2)
  A goblin (D:1)
  A kobold (D:2)
15 creatures vanquished.

Notes
Turn   | Place    | Note
-------+----------+-------------------------------------------
     0 | Abyss:1  | zezblit the Demonspawn Abyssal Knight began the quest for
                  | the Orb.
     0 | Abyss:1  | Reached XP level 1. HP: 18/18 MP: 2/2
    11 | Abyss:1  | Noticed a large abomination
    12 | D:1      | Escaped the Abyss
   208 | D:1      | Found a faded altar of an unknown god.
   373 | D:1      | Gained mutation: You have large cloven feet. [demonic
                  | ancestry]
   373 | D:1      | Reached XP level 2. HP: 9/24 MP: 3/3
  1015 | D:2      | Reached * piety under Lugonu
  1155 | D:2      | HP: 1/24 [poisoned by an adder]
  1156 | D:2      | Succumbed to an adder's poison

Illustrated notes

Levels and vault maps discovered:
D:1:      minmay_arrival_three_doors, layout_basic, basic_ecumenical_altar,
          kennysheep_doodads, minivault_14, lemuel_another_geyser
D:2:      layout_basic

Skill      XL: |  1  2 |
---------------+-------+-----
Maces & Flails | 2 |  2.5
Armour         | 2 |  2.0
Fighting       | |  3.3
Dodging        | |  0.9
Invocations    | |  2.4

Action                   || total
-------------------------++-------
Melee: Mace              ||    70
       Kick              ||     9
Invok: Depart the Abyss  ||     1
  Use: Scroll            ||     2
 Stab: Sleeping          ||     1
Armor: Leather armour    ||    30
Dodge: Dodged            ||    47

Table legend: (Time is in decaauts)
 A = Elapsed time spent in this place.
 B = Non-inter-level travel time spent in this place.
 C = Inter-level travel time spent in this place.
 D = Time resting spent in this place.
 E = Time spent auto-exploring this place.
 F = Levels seen in this place.
 G = Mean time per level.
                   A        B        C        D        E       F      G
               +--------+--------+--------+--------+--------+-----+--------+
         Total |   1179 |   1134 |     45 |    274 |    636 |   3 |  393.0 |
       Dungeon |   1167 |   1122 |     45 |    274 |    635 |   2 |  583.5 |
         Abyss |     12 |     12 |      0 |      0 |      1 |   1 |   12.0 |
               +--------+--------+--------+--------+--------+-----+--------+

Top non-repeatable levels by time:
     D:1: 939 daAuts
     D:2: 227 daAuts
 Abyss:1: 12 daAuts
